 Dungeon Crawl Stone Soup version 0.22-a0-480-g991dd4b (webtiles) character file.

100 Gildeon the Digger (level 4, -8/25 HPs)
             Began as a Gargoyle Earth Elementalist on June 15, 2018.
             Mangled by a mummy (16 damage)
             ... in an ossuary.
             The game lasted 00:20:13 (2850 turns).

Gildeon the Digger (Gargoyle Earth Elementalist)    Turns: 2850, Time: 00:20:13

Health: -8/25      AC:  6    Str: 12    XL:     4   Next: 73%
Magic:  1/7        EV: 12    Int: 14    God:
Gold:   159        SH:  0    Dex: 12    Spells: 2/8 levels left

rFire    . . .     SeeInvis .   k - +0 whip
rCold    . . .     Gourm    .   (no shield)
rNeg     + . .     Faith    .   c - +1 robe
rPois    ∞         Spirit   .   (no helmet)
rElec    +         Reflect  .   (no cloak)
rCorr    .         Harm     .   (no gloves)
MR       .....                  (no boots)
Stlth    ++........             (no amulet)
HPRegen  0.08/turn              (no ring)
MPRegen  0.10/turn              (no ring)

@: no status effects
A: thin skeletal structure 1, dopey 1, negative energy resistance 1, electricity
resistance, unbreathing, petrification resistance, rot immunity, AC +3
a: no special abilities


You were in an ossuary.
You were not hungry.

You visited 1 branch of the dungeon, and saw 4 of its levels.
You also visited: Ossuary.

You collected 159 gold pieces.

Inventory:

Hand Weapons
 k - a +0 whip (weapon)
Missiles
 b - 75 stones (quivered)
Armour
 c - a +1 robe (worn)
Wands
 i - a wand of acid (9)
Scrolls
 f - 2 scrolls of remove curse
Potions
 e - 2 potions of curing
 g - a potion of heal wounds
 h - 2 potions of flight
 j - a potion of invisibility
Comestibles
 d - 3 rations


   Skills:
 + Level 1.2 Fighting
 + Level 0.0 Maces & Flails
 + Level 1.1 Armour
 + Level 1.9 Dodging
 + Level 2.5 Stealth
 * Level 2.5 Spellcasting
 * Level 1.2 Conjurations
 * Level 1.3 Transmutations
 * Level 4.2 Earth Magic


You had 2 spell levels left.
You knew the following spells:

 Your Spells              Type           Power        Failure   Level  Hunger
a - Sandblast             Erth           ##....       4%          1    #......
b - Passwall              Tmut/Erth      #.......     11%         2    ###....
c - Stone Arrow           Conj/Erth      #.....       22%         3    ###....

Your spell library contained the following spells:

 Spells                   Type           Power        Failure   Level  Hunger
 Lee's Rapid Deconstruct  Erth           ##........   73%         5    ######.
 Petrify                  Tmut/Erth      #.......     56%         4    #####..


Dungeon Overview and Level Annotations

Branches:
Dungeon (4/15)
 Temple: D:4-7

Altars:
Elyvilon
Nemelex Xobeh
Wu Jian

Annotations:
D:3 1 runed door


Innate Abilities, Weirdness & Mutations

You are resistant to torment.
Your stone body is resilient. (AC +3)
You are immune to poison.
You resist negative energy. (rN+)
You are resistant to electric shocks. (rElec)
You can survive without breathing.
You are immune to petrification.
You are immune to rotting.
You have a somewhat thin skeletal structure. (Dex +2, Stealth)
You are dopey. (Int -2)


Message History

Unknown command.
You hit the mummy but do no damage.
The mummy is lightly damaged.
The mummy closely misses you.
You barely miss the mummy.
The mummy is lightly damaged.
You hit the mummy.
The mummy is moderately damaged.
The mummy barely misses you.
You hit the mummy.
The mummy is heavily damaged.
The mummy hits you!
* * * LOW HITPOINT WARNING * * *
You hit the mummy.
The mummy is severely damaged.
The mummy hits you.
* * * LOW HITPOINT WARNING * * *
You feel better. The mummy hits you!
Ouch! That really hurt!
You die...

## # #.#.# #####
..... ##...##
......
##.....###......
#...............
#@.∩.∩..........
#.M.............
##.....###......
##...## ......
##### .....
#Z#.# ## #


You could see a mummy.

Vanquished Creatures
  4 adders
  An ooze (D:2)
  2 dart slugs
  A leopard gecko (D:1)
  2 orcs (D:3)
  7 bats
  5 giant cockroaches
  A gnoll zombie (Ossuary)
  8 goblins
  5 hobgoblins
  A jackal (D:1)
  2 kobolds (D:1)
  A quokka (D:2)
  3 ball pythons (D:3)
  3 frilled lizards
  A hobgoblin zombie (Ossuary)
  7 rats
54 creatures vanquished.

Notes
Turn   | Place    | Note
-------+----------+-------------------------------------------
     0 | D:1      | Gildeon the Gargoyle Earth Elementalist began the quest for the Orb.
     0 | D:1      | Reached XP level 1. HP: 10/10 MP: 3/3
   229 | D:1      | Reached XP level 2. HP: 16/16 MP: 1/5
   369 | D:1      | Learned a level 2 spell: Passwall
   670 | D:1      | Found a sparkling altar of Nemelex Xobeh.
   747 | D:1      | Reached skill level 1 in Fighting
   851 | D:1      | Gained mutation: You are dopey. (Int -2) [potion of mutation]
   851 | D:1      | Gained mutation: You have a somewhat thin skeletal structure. (Dex +2, Stealth) [potion of mutation]
  1020 | D:2      | Reached skill level 4 in Earth Magic
  1020 | D:2      | Reached XP level 3. HP: 20/20 MP: 4/6
  1035 | D:2      | Learned a level 3 spell: Stone Arrow
  1524 | D:2      | Reached skill level 1 in Transmutations
  1937 | D:2      | Reached XP level 4. HP: 18/25 MP: 4/7
  2050 | D:3      | Found an ornate altar of the Wu Jian Council.
  2061 | D:3      | Reached skill level 1 in Armour
  2061 | D:3      | Reached skill level 1 in Conjurations
  2381 | D:3      | Found a white marble altar of Elyvilon.
  2764 | D:3      | Found a runed door.
  2814 | D:4      | Found a sand-covered staircase.
  2819 | Ossuary  | Entered an ossuary
  2850 | Ossuary  | Mangled by a mummy

Vault maps used:
D:1:      eino_arrival_water_cross, glass_columns_c,
          corexii_hall_statues_deadend, nemelex_diamond_rough_becter
D:3:      overflow_temple_1_default, elyvilon_altar_4, uniq_crazy_yiuf_cottage
D:4:      minmay_door_path, marbit_many_paths, enter_ossuary_5, first_ration
Ossuary:  minmay_ossuary_gauntlet

Skill      XL: |  1  2  3  4 |
---------------+-------------+-----
Fighting       | 1 |  1.2
Earth Magic    | 4 |  4.2
Transmutations | 1 |  1.3
Armour         | 1 |  1.1
Conjurations   | 1 |  1.2
Dodging        | |  1.9
Stealth        | |  2.5
Spellcasting   | |  2.5

Action                   |  1- 3 |  4- 6 || total
-------------------------+-------+-------++-------
Melee: Unarmed           |     5 |       ||     5
       Club              |     1 |       ||     1
       Whip              |       |    16 ||    16
 Cast: Sandblast         |    38 |    38 ||    76
  Use: Scroll            |     7 |     3 ||    10
       Potion            |     1 |     1 ||     2
 Stab: Sleeping          |       |     4 ||     4
  Eat: Ration            |     1 |       ||     1
       Chunk             |       |     4 ||     4
Armor: Robe              |     8 |     7 ||    15
Dodge: Dodged            |    11 |    17 ||    28

Table legend:
 A = Spawn XP
 B = Non-spawn XP
 C = Spawn XP percentage of total XP
 D = Spawn monster count
 E = Non-spawn monster count
 F = Spawn count percentage of total count
 G = Total turns spent on level
                    A         B        C        D         E        F      G
               +---------+---------+-------+---------+---------+-------+---------
         Total |       0 |     143 |   0.0 |       0 |      54 |   0.0 |  2850
               +---------+---------+-------+---------+---------+-------+---------
           D:1 |       0 |      33 |   0.0 |       0 |      19 |   0.0 |   998
           D:2 |       0 |      52 |   0.0 |       0 |      14 |   0.0 |  1049
           D:3 |       0 |      55 |   0.0 |       0 |      19 |   0.0 |   756
       Ossuary |       0 |       3 |   0.0 |       0 |       2 |   0.0 |    31
               +---------+---------+-------+---------+---------+-------+---------
